 Dungeon Crawl Stone Soup version 0.19-a0-1071-g4ed3155 (webtiles) character file.

1619 4thArraOfDagon the Cleaver (level 8, -3/66 HPs)
             Began as a Deep Dwarf Gladiator on Aug 5, 2016.
             Was a Believer of Makhleb.
             Slain by an orc warrior
             ... wielding a +0 short sword
              (9 damage)
             ... on level 1 of the Orcish Mines.
             The game lasted 00:08:47 (1312 turns).

4thArraOfDagon the Cleaver (Deep Dwarf Gladiator)   Turns: 1312, Time: 00:08:48

Health: -3/66      AC: 13    Str: 21    XL:     8   Next: 64%
Magic:  8/8        EV:  7    Int:  9    God:    Makhleb [**....]
Gold:   146        SH:  0    Dex: 13    Spells: 0 memorised, 7 levels left

rFire  . . .     SeeInvis .     r - +0 hand axe (venom)
rCold  . . .     Gourm    .     t - +0 plate armour
rNeg   + . .     Faith    .     (no shield)
rPois  .         Spirit   .     c - +0 helmet
rElec  .         Dismiss  .     (no cloak)
rCorr  .         Reflect  .     (no gloves)
SustAt .         Harm     .     (no boots)
MR     +....                    (no amulet)
Stlth  ..........               m - ring of positive energy
                                k - ring of wizardry

@: non-regenerating
A: damage resistance, recharge devices, sense surroundings 1, slow regeneration
3
a: Device Recharging, Minor Destruction, Renounce Religion


You were on level 1 of the Orcish Mines.
You worshipped Makhleb.
Makhleb was pleased with you.
You were not hungry.

You visited 3 branches of the dungeon, and saw 11 of its levels.

You collected 146 gold pieces.

Inventory:

Hand Weapons
 a - a +0 war axe
 h - a +2 dire flail of protection
 r - a +0 hand axe of venom (weapon)
Missiles
 q - 3 curare-tipped needles
Armour
 b - a +0 leather armour
 c - a +0 helmet (worn)
 o - a +0 chain mail
 t - a +0 plate armour (worn)
Jewellery
 k - a ring of wizardry (left hand)
 m - a ring of positive energy (right hand)
Wands
 e - a wand of heal wounds (3/9)
 n - a wand of acid (0/15)
 s - a wand of lightning (4/15)
Scrolls
 i - 2 scrolls of remove curse
 j - a scroll of identify
 p - a scroll of brand weapon
 u - a scroll of silence {unknown}
 v - a scroll of teleportation
Potions
 g - 3 potions of haste
Comestibles
 f - 2 bread rations
 l - 4 meat rations
 w - 3 chunks of flesh


   Skills:
 - Level 1.7 Fighting
 * Level 9.3 Axes
 - Level 1.7 Throwing
 + Level 6.0 Armour
 - Level 3.2 Dodging
 + Level 6.3 Evocations


You had 7 spell levels left.
You didn't know any spells.

Dungeon Overview and Level Annotations

Branches:
Dungeon (9/15)             Temple (1/1) D:5            Lair (0/6) D:9
    Orc (1/2) D:9

Altars:
Ashenzari
Cheibriados
Dithmenos
Elyvilon
Gozag
Hepliaklqana
Kikubaaqudgha
Makhleb
Nemelex Xobeh
Okawaru
Pakellas
Qazlal
Ru
Sif Muna
Trog
Uskayaw
Vehumet
Yredelemnul
Zin
The Shining One

Shops:
D:5 [


Innate Abilities, Weirdness & Mutations

You are resistant to damage.
You can recharge devices by infusing magical energy.
You passively map a small area around you.
You do not regenerate naturally.


Message History

You barely miss the ogre.
You kill the ogre!
Makhleb accepts your kill.
You hear some strange, mumbled words.
Something tries to affect you, but you resist.
The ogre barely misses you. The troll barely misses you.
The troll claws you but does no damage. x2
Unknown command.
Unknown command.
Unknown command.
You hit the ogre.
You kill the ogre!
Makhleb accepts your kill.
Your Armour skill increases to level 6!
You miss something. You closely miss the troll.
You hit the orc warrior but do no damage.
The orc warrior looks even sicker.
You hit the orc priest but do no damage.
The orc warrior hits you with a short sword!
You die...

....., *.....##
......## ,
*#......# .o##
*##.....##* *
,.....##.......#.
...........#....
* .....#{)).$....
#..$...)@T.....(
.......o)o.....#*
.............###*
..............#,
................
,
.............$..
..........>.....*
............... ,
, ,


You could see a troll, an orc warrior and an orc priest.

Vanquished Creatures
  An orc warrior (D:7)
  5 ogres
  A centaur (D:8)
  2 gnoll sergeants
  8 killer bees (D:7)
  A howler monkey (D:9)
  2 crimson imps
  A hound (D:5)
  2 orc wizards
  3 orc priests
  A jelly (D:7)
  An iguana (D:9)
  A worker ant (D:6)
  7 adders
  7 gnolls
  A shadow imp (D:6)
  A worm (D:4)
  22 orcs
  A giant cockroach (D:6)
  A goblin (D:2)
  3 hobgoblins (D:2)
  2 jackals (D:2)
  3 kobolds
  A quokka (D:6)
  A giant gecko zombie (D:5)
  A giant newt (D:3)
  A quokka skeleton (D:6)
81 creatures vanquished.

Notes
Turn   | Place    | Note
-------+----------+-------------------------------------------
     0 | D:1      | 4thArraOfDagon the Deep Dwarf Gladiator began the quest for the Orb.
     0 | D:1      | Reached XP level 1. HP: 19/19 MP: 1/1
    46 | D:2      | Reached skill level 1 in Armour
    46 | D:2      | Reached XP level 2. HP: 21/26 MP: 2/2
   140 | D:3      | Found a shattered altar of Ashenzari.
   143 | D:3      | Found a deep blue altar of Sif Muna.
   143 | D:3      | Found an ancient bone altar of Kikubaaqudgha.
   165 | D:3      | Reached skill level 4 in Axes
   165 | D:3      | Reached XP level 3. HP: 23/32 MP: 3/3
   171 | D:3      | Found a hide-covered altar of Uskayaw.
   246 | D:5      | Entered Level 5 of the Dungeon
   300 | D:5      | Found Feuskiu's Armour Boutique.
   336 | D:7      | Noticed an ogre
   420 | D:7      | Found a white marble altar of Elyvilon.
   420 | D:7      | Found a snail-covered altar of Cheibriados.
   421 | D:7      | Found a shadowy altar of Dithmenos.
   434 | D:7      | Found an opulent altar of Gozag.
   434 | D:7      | Found an iron altar of Okawaru.
   434 | D:7      | Noticed a gnoll sergeant
   448 | D:7      | Noticed a killer bee
   450 | D:7      | Noticed a killer bee
   451 | D:7      | Noticed a killer bee
   512 | D:7      | Reached XP level 4. HP: 7/39 MP: 4/4
   552 | D:6      | Reached skill level 1 in Evocations
   620 | D:5      | Noticed a gnoll sergeant
   630 | D:5      | Killed a gnoll sergeant
   630 | D:5      | Reached skill level 5 in Axes
   630 | D:5      | Reached XP level 5. HP: 18/45 MP: 4/6
   733 | D:5      | Found a stormy altar of Qazlal.
   737 | D:5      | Found a staircase to the Ecumenical Temple.
   742 | Temple   | Entered the Ecumenical Temple
   781 | Temple   | Became a worshipper of Makhleb the Destroyer
   863 | D:6      | Reached skill level 6 in Axes
   863 | D:6      | Reached XP level 6. HP: 20/52 MP: 8/8
  1038 | D:7      | Noticed an orc warrior
  1051 | D:7      | Reached XP level 7. HP: 12/58 MP: 10/10
  1052 | D:7      | Reached skill level 7 in Axes
  1063 | D:7      | Reached * piety under Makhleb
  1063 | D:7      | Reached skill level 5 in Evocations
  1064 | D:7      | Reached skill level 8 in Axes
  1074 | D:7      | Reached skill level 5 in Armour
  1074 | D:7      | Reached XP level 8. HP: 28/66 MP: 8/8
  1276 | D:9      | Found a staircase to the Orcish Mines.
  1286 | D:9      | Found a staircase to the Lair.
  1289 | Orc:1    | Entered Level 1 of the Orcish Mines
  1290 | Orc:1    | Noticed a troll
  1303 | Orc:1    | Reached ** piety under Makhleb
  1305 | Orc:1    | Reached skill level 9 in Axes
  1312 | Orc:1    | Slain by an orc warrior

Vault maps used:
D:1:      dpeg_arrival_tiny_c
D:3:      lemuel_round_altar, gammafunk_temple_overflow_forgotten
D:4:      led_xom_imps, first_bread, uniq_natasha
D:5:      kennysheep_mini_moat, marbit_many_paths, serial_shops, shop
D:6:      uniq_duvessa
D:7:      grunt_temple_overflow_open, nicolae_overflow_hidden_temple,
          minmay_misc_feat_ornament
D:8:      special_room, uniq_psyche, uniq_grum, uniq_gastronok
D:9:      lair_0_dummy, orc_0_dummy, hangedman_pestilent_swarm, minivault_1
Temple:   zaba_magenta_temple

Skill      XL: |  1  2  3  4  5  6  7  8 |
---------------+-------------------------+-----
Armour         | 1 2 3 4 5 6 |  6.0
Axes           | 4 5 6 8 9 |  9.3
Evocations     | 2 4 5 6 |  6.3
Fighting       | |  1.7
Throwing       | |  1.7
Dodging        | |  3.2

Action                   |  1- 3 |  4- 6 |  7- 9 || total
-------------------------+-------+-------+-------++-------
Melee: War axe           |    27 |       |    14 ||    41
       Dire flail        |    60 |    77 |    10 ||   147
       Hand axe          |       |       |    61 ||    61
Throw: Throwing net      |       |     2 |     2 ||     4
 Abil: Device Recharging |       |       |     4 ||     4
Evoke: Wand              |     3 |     6 |    19 ||    28
  Use: Scroll            |     4 |     4 |       ||     8
       Potion            |     2 |       |       ||     2
  Eat: Chunk             |       |     1 |     1 ||     2
Armor: Leather armour    |    16 |       |       ||    16
       Chain mail        |    33 |    49 |    27 ||   109
       Plate armour      |       |       |    74 ||    74
Dodge: Dodged            |    90 |    41 |    68 ||   199
